 Dungeon Crawl Stone Soup version 0.30-a0-702-gdf48620a09 (webtiles) character file.

Game seed: 10259852794887978969

36 Citaku the Covered (level 3, -1/33 HPs)
             Began as a Minotaur Fighter on Jan 21, 2023.
             Slain by a gnoll
             ... wielding a +0 club
              (2 damage)
             ... on level 4 of the Dungeon.
             The game lasted 00:01:39 (878 turns).

Citaku the Covered (Minotaur Fighter)                Turns: 878, Time: 00:01:40

Health: -1/33      AC:  7    Str: 22    XL:     3   Next: 19%
Magic:  2/2        EV:  9    Int:  5    God:
Gold:   81         SH:  4    Dex:  9    Spells: 2/2 levels left

rFire   . . .      SeeInvis .    a - +0 war axe
rCold   . . .      Faith    .    c - +0 buckler
rNeg    . . .      Spirit   .    b - +0 scale mail
rPois   .          Reflect  .    (helmet restricted)
rElec   .          Harm     .    (no cloak)
rCorr   .          Rampage  .    (no gloves)
Will    .....                    (no boots) Stlth
                                 l - amulet of regeneration
HPRegen 1.05/turn                (no ring)
MPRegen 0.08/turn                (no ring)

@: mighty
A: horns 2, retaliatory headbutt
a: no special abilities


You were on level 4 of the Dungeon.
You visited 1 branch of the dungeon, and saw 3 of its levels.

You collected 81 gold pieces.

Inventory:

Hand Weapons
 a - a +0 war axe (weapon)
Armour
 b - a +0 scale mail (worn)
 c - a +0 buckler (worn)
Jewellery
 l - an amulet of regeneration (around neck)
Scrolls
 h - a scroll of acquirement {unknown}
 i - a scroll of immolation {unknown}
 j - 2 scrolls of enchant armour {unknown}
 m - a scroll of silence {unknown}
Potions
 e - a potion of ambrosia {unknown}
 f - 2 potions of curing {unknown}
 g - 2 potions of heal wounds {unknown}
 k - 2 potions of magic {unknown}


   Skills:
 + Level 4.0 Fighting
 + Level 3.1 Axes
 + Level 4.1 Armour
 + Level 4.1 Shields


You had 2 spell levels left.
You didn't know any spells.
Your spell library was empty.

Dungeon Overview and Level Annotations

Branches:
Dungeon (2/15)

Altars:
Nemelex Xobeh


Innate Abilities, Weirdness & Mutations

You have a pair of horns on your head.
You reflexively headbutt those who attack you in melee.


Message History

No target in view!
No target in view!
No target in view!
No target in view!
Found 6 poisoned darts.
A gnoll comes into view. It is wielding a +0 halberd.
Found a slimy quarterstaff and 4 gold pieces.
The gnoll shouts!
A gnoll comes into view. It is wielding a +0 club. x2
You block the gnoll's attack.
You slash the gnoll!
The gnoll is severely wounded.
You hit the gnoll but do no damage.
The gnoll is severely wounded.
You closely miss the gnoll. The gnoll hits you but does no damage.
The gnoll hits you with a +0 halberd!
An orc comes into view. It is wielding a +0 flail.
The gnoll hits you with a +0 club! You block the gnoll's attack.
The gnoll hits you but does no damage.
You are too injured to fight recklessly!
You are too injured to fight recklessly!
You are too injured to fight recklessly!
You are too injured to fight recklessly!
You are too injured to fight recklessly!
You are too injured to fight recklessly!
You are too injured to fight recklessly!
You are too injured to fight recklessly!
You are too injured to fight recklessly!
You are too injured to fight recklessly!
You are too injured to fight recklessly!
You are too injured to fight recklessly!
You are too injured to fight recklessly!
You are too injured to fight recklessly!
You feel very mighty all of a sudden. The gnoll hits you with a +0 club.
An orc comes into view. It is wielding a +0 flail.
The gnoll hits you with a +0 halberd!
* * * LOW HITPOINT WARNING * * *
The gnoll hits you with a +0 club.
You die...

##. #..#####.###.##.'#
.#..###..#.........###.
.....#.....##.†........
#.........########.##..
.........# ...# #.##.#
. .........#..... ....#
..o...#.........).
.#### #..###..#.......
.# #..g@.###.....#
#...gg..# .###..
...o.......... .
...#.....#....( ..
##...##...... . .....
..... ...... ...#
#...... .##


You could see 3 gnolls and 2 orcs.

Vanquished Creatures
  2 dart slugs (D:1)
  3 ball pythons (D:1)
  4 endoplasms (D:1)
  A giant cockroach (D:4)
  3 goblins
  A hobgoblin (D:1)
  2 jackals (D:4)
  3 quokkas
  A bat (D:2)
  2 frilled lizards (D:1)
  4 kobolds (D:1)
  2 rats (D:1)
28 creatures vanquished.

Notes
Turn   | Place    | Note
-------+----------+-------------------------------------------
     0 | D:1      | Citaku the Minotaur Fighter began the quest for the Orb.
     0 | D:1      | Reached XP level 1. HP: 19/19 MP: 0/0
   152 | D:1      | Reached XP level 2. HP: 19/27 MP: 1/1
   613 | D:1      | Reached XP level 3. HP: 33/33 MP: 2/2
   766 | D:2      | You fall into a shaft and drop 2 floors!
   774 | D:4      | Found a sparkling altar of Nemelex Xobeh.
   878 | D:4      | HP: 1/33 [gnoll/+0 halberd (10)]
   878 | D:4      | Slain by a gnoll

Illustrated notes

Levels and vault maps discovered:
D:1:      dpeg_arrival_stone_temple_mockup, layout_loops_cross,
          chequers_serial_rivers_micro_a
D:2:      layout_loops_ring, serial_shops, shop, grunt_decor_mini_mirrors,
          minmay_pentomino_t4
D:4:      nicolae_cairo_tiling_large_dashed, layout_loops_ring,
          nemelex_spade_bored_becter, nicolae_half_adder

Skill      XL: |  1  2 |
---------------+-------+-----
Armour         | 4 |  4.1
Shields        | 4 |  4.1
Fighting       | 4 |  4.0
Axes           | 3 |  3.1

Action                   || total
-------------------------++-------
Melee: War axe           ||    47
       Headbutt          ||     4
  Use: Potion            ||     1
Armor: Scale mail        ||    26
Dodge: Dodged            ||    18
Block: Buckler           ||     6

Table legend: (Time is in decaauts)
 A = Elapsed time spent in this place.
 B = Non-inter-level travel time spent in this place.
 C = Inter-level travel time spent in this place.
 D = Time resting spent in this place.
 E = Time spent auto-exploring this place.
 F = Levels seen in this place.
 G = Mean time per level.
                   A        B        C        D        E       F      G
               +--------+--------+--------+--------+--------+-----+--------+
         Total |    896 |    859 |     37 |      0 |    696 |   3 |  298.7 |
       Dungeon |    896 |    859 |     37 |      0 |    696 |   3 |  298.7 |
               +--------+--------+--------+--------+--------+-----+--------+

Top non-repeatable levels by time:
     D:1: 708 daAuts
     D:4: 115 daAuts
     D:2: 72 daAuts
